Unix NetHack Version 5.0.0-0 post-release - last build May 17 2026 04:57:42 (dc50c8380fa5e20985bfe3072449f57b8d9895ef,branch:main).

Game began 2026-05-18 15:55:47, ended 2026-05-18 16:40:19.

Hekik, chaotic male elven Wizard

                                                           -----
           ----                  --------                 |....--
          --..|    ----         ...|.|..- ---              -....--
          |...--   |...|        -...........--             --....|
   ---    |....|----..----  --- |-...........----------------...--
  --.------.|..-|.(......----.---..............)^...).).........--
  |....--...|-..|.-----.............f[.....(....-------------.|..|
  --.......-----|.|   |.................--...`..-           ----.--
   |.......-    |.|   -------.rh......|..--.?)...|             |..--
   |........|   |.|        |....@....---..--...--              --..|   --...
   --.......|  --.|        |..---S..-- --.))...---             --..|  --[....
    |.......- --..---      ---- |*..|   ----..)...             |.-.| --......|
    |.......0--.....|          --...--   |..*)-- .             |...---.^..<..|
    |..-...-.......--          ......-- --.....--              |.--..%.|.--.--
    --.......----..|           .......---........              |.|...--|.- --
     |......--  ----            .................              |....-- |.
     -----.--                    -.----.........               |..---
         ---                      -   ---...---                |.--
                                        |..--                  ---
                                        ----
Hekik the Thaumaturge     St:9 Dx:13 Co:13 In:20 Wi:13 Ch:11  Chaotic
Dlvl:7  $:44 HP:0(38) Pw:66(91) AC:6  Xp:6/434 T:4023  Blind Deaf

Latest messages:
 The snake bites!
 You miss the snake.
 The snake bites!
 In what direction?
 The dagger misses the snake.
 The snake bites!
 The snake bites!
 In what direction?
 The dagger hits the snake.
 The snake bites!
 The snake bites!
 The large cat misses the snake.
 In what direction?
 The dagger misses the snake.
 The large cat misses the snake.
 In what direction?
 The dagger misses the snake.
 The large cat bites the snake.
 The snake misses the large cat.
 In what direction?
 The dagger misses the snake.
 The giant rat picks up a hooded cloak.
 The large cat misses the snake.
 In what direction?
 The spell hits the snake!
 The large cat bites the snake.
 The snake bites the large cat.
 In what direction?
 The spell misses the snake.
 The large cat misses the snake.
 The large cat bites the snake.
 The large cat misses the snake.
 The giant rat misses the snake.
 The large cat misses the snake.
 The giant rat bites the snake.
 The snake is killed!
 r - 5 daggers (at the ready).
 You are momentarily blinded by a flash of light!
 You hear a deafening roar!
 A snake suddenly appears next to you!
 A dwarf lord suddenly appears next to you!
 You miss the snake.
 The dwarf lord hits!
 The snake bites!
 You die...
 Do you want your possessions identified? [ynq] (y)
 Do you want to see your attributes? [ynq] (y)
 Do you want an account of creatures vanquished? [ynaq] (y)
 Do you want to see your conduct and achievements? [ynq] (y)
 Do you want to see the dungeon overview? [ynq] (y)

Inventory:
 Coins    ('$')
  $ - 44 gold pieces
 Weapons  (')')
  r - 5 uncursed +0 daggers (at the ready)
  a - a blessed +1 quarterstaff (weapon in hands)
 Armor    ('[')
  U - an uncursed +0 dwarvish iron helm
  R - an uncursed +0 pair of gauntlets of dexterity (being worn)
  S - an uncursed +0 pair of iron shoes (being worn)
  c - an uncursed +0 cloak of magic resistance (being worn)
 Comestibles  ('%')
  i - an uncursed pasty
  q - 2 uncursed fortune cookies
 Scrolls  ('?')
  p - a blessed scroll of charging
  G - an uncursed scroll of confuse monster
  k - 2 uncursed scrolls of create monster
  P - an uncursed scroll of genocide
  J - 2 blessed scrolls of identify
  v - an uncursed scroll of light
  s - an uncursed scroll of punishment
 Spellbooks  ('+')
  m - an uncursed spellbook of confuse monster
  l - a blessed spellbook of force bolt
  K - an uncursed spellbook of light
 Potions  ('!')
  h - an uncursed potion of fruit juice
  H - an uncursed potion of gain energy
  t - an uncursed potion of invisibility
  M - an uncursed potion of levitation
  I - an uncursed potion of paralysis
 Rings    ('=')
  e - an uncursed +1 ring of adornment
  O - a cursed ring of free action
  d - an uncursed ring of sustain ability
 Wands    ('/')
  T - an uncursed wand of create monster (0:13)
  A - an uncursed wand of create monster (0:11)
  B - an uncursed wand of opening (0:2)
  f - an uncursed wand of polymorph (0:4)
  z - an uncursed wand of stasis (0:4)
 Tools    ('(')
  o - an uncursed tooled horn
  n - an uncursed magic marker (0:22)
  y - an uncursed magic whistle
  E - a cursed oil lamp (lit)
  u - an uncursed skeleton key

Hekik the Wizard's attributes:

Background:
 You were a Thaumaturge, a level 6 male elven Wizard.
 You were chaotic, on a mission for Anhur
 who was opposed by Ptah (lawful) and Thoth (neutral).
 You were right-handed.
 You were in the Gnomish Mines, on level 7.
 You entered the dungeon 4023 turns ago.
 There was a new moon in effect when your adventure ended.
 You had 434 experience points, 206 more were needed to attain level 7.

Basics:
 You had 0 out of 38 hit points.
 You had 66 out of 91 energy points (spell power).
 Your armor class was 6.
 Your wallet contained 44 zorkmids.
 Autopickup was off.

Final Characteristics:
 Your strength was 9 (limit:18).
 Your dexterity was 13 (limit:18).
 Your constitution was 13 (limit:16).
 Your intelligence was 20 (limit:20).
 Your wisdom was 13 (limit:20).
 Your charisma was 11 (limit:18).

Final Status:
 You were temporarily blind.
 You were deaf.
 You weren't hungry.
 You were unencumbered.
 You were wielding a quarterstaff.
 You had basic skill with quarterstaff and could have enhanced that.

Final Attributes:
 You were piously aligned.
 You were magic-protected.
 You were sleep resistant.
 You were telepathic.
 You had infravision.
 You were warded.
 You are dead.

Miscellaneous:
 You didn't encounter any bones levels.
 Total elapsed playing time was 44 minutes and 31 seconds.

Major events:
 Turn
    1: Hekik the chaotic male elven Wizard entered the dungeon
 1343: attained the rank of Conjurer (level 3)
 2439: consulted the Oracle
 3062: entered the Gnomish Mines
 3576: attained the rank of Thaumaturge (level 6)
 4023: killed by a snake

Spells:
 Name                 Level Category     Fail Retention
 force bolt             1   attack         0%   71%-80%
 confuse monster        1   enchantment    0%   71%-80%
 light                  1   divination     0%  76%-100%

Skills:
 Fighting Skills
   bare handed combat [Unskilled]
   riding             [Unskilled]
 Weapon Skills
   dagger             [Unskilled]
   knife              [Unskilled]
   axe                [Unskilled]
   short sword        [Unskilled]
   club               [Unskilled]
   mace               [Unskilled]
   quarterstaff       [Basic]
   polearms           [Unskilled]
   spear              [Unskilled]
   trident            [Unskilled]
   sling              [Unskilled]
   dart               [Unskilled]
   shuriken           [Unskilled]
 Spellcasting Skills
   attack spells      [Basic]
   healing spells     [Unskilled]
   divination spells  [Unskilled]
   enchantment spells [Basic]
   clerical spells    [Unskilled]
   escape spells      [Unskilled]
   matter spells      [Unskilled]

Voluntary challenges:
 Character rerolling was not enabled.
 You never genocided any monsters.
 You never polymorphed an object.
 You used no wishes.
Achievements:
 You entered a shop.
 You attained the rank of Conjurer.
 You consulted the Oracle of Delphi.
 You entered the Gnomish Mines.
 You attained the rank of Thaumaturge.

 The Dungeons of Doom: levels 1 to 6
    Level 1:
    Level 2:
    Level 3:
       A tool shop, some fountains, a grave.
    Level 4:
       A general store, a fountain.
       Stairs down to The Gnomish Mines.
    Level 5:
       A scroll shop, a sink.
    Level 6:
       Many fountains.
       Oracle of Delphi.
 The Gnomish Mines: levels 5 to 7
    Level 5:
    Level 6:
    Level 7: <- You were here.
       Final resting place for
          you, killed by a snake.


Vanquished creatures:
  a dingo
  a dog
  a blue jelly
  a snake
  a rock piercer
  a shrieker
  5 gnome leaders
  3 gnomish wizards
  a ghoul
  a paper golem
  a baby crocodile
  a giant ant
  3 floating eyes
  a kitten
  6 dwarves
  a rothe
  2 rabid rats
  a monkey
  2 orc zombies
  a wererat
 an iguana
  a hobbit
  4 manes
  a hobgoblin
  a giant rat
  a cave spider
  2 yellow molds
 26 gnomes
  3 gnome zombies
  2 geckos
  a jackal
  3 foxes
  2 kobolds
  a goblin
  2 sewer rats
  7 grid bugs
  3 lichens
  3 kobold zombies
  6 newts
105 creatures vanquished.

No species were genocided or became extinct.

Game over:
                       ----------
                      /          \
                     /    REST    \
                    /      IN      \
                   /     PEACE      \
                  /                  \
                  |      Hekik       |
                  |      44 Au       |
                  |   killed by a    |
                  |      snake       |
                  |                  |
                  |                  |
                  |       2026       |
                 *|     *  *  *      | *
        _________)/\\_//(\/(/\)/\//\/|_)_______

Goodbye Hekik the Wizard...

You died in The Gnomish Mines on dungeon level 7 with 2087 points,
and 44 pieces of gold, after 4023 moves.
You were level 6 with a maximum of 38 hit points when you died.

